 Dungeon Crawl Stone Soup version 0.18-a0-900-gbbf5c82 (webtiles) character file.

765763 Ijustatesigmund the Shatterer (level 27, 30/184 HPs)
             Began as a Gargoyle Fighter on Dec 21, 2015.
             Was the Champion of Okawaru.
             Starved to death
             ... while paralysed
             ... on level 5 of the Realm of Zot on Dec 24, 2015.
             The game lasted 07:13:42 (102068 turns).

Ijustatesigmund the Shatterer (Gargoyle Fighter)  Turns: 102068, Time: 07:13:42

Health: 30/184     AC: 60    Str: 26    XL:     27
Magic:  31/31      EV:  2    Int: 16    God:    Okawaru [******]
Gold:   10671      SH:  0    Dex: 23    Spells: 9 memorised, 9 levels left

rFire  + . .     SeeInvis +     S - +9 hand crossbow (flame)
rCold  . . .     Gourm    .     b - +10 chain mail of the Beginning {rElec Dex+2 SInv}
rNeg   + + +     Faith    .     n - +6 large shield
rPois  ∞         Spirit   .     E - +2 helmet of Happiness {Int+3 Dex+4}
rElec  +         Dismiss  .     X - +2 cloak {MR+}
rCorr  .         Reflect  +     L - +2 pair of gloves {Str+3}
SustAt .         Harm     .     r - +2 pair of boots {run}
MR     +++..     Clarity  +     G - +3 amulet of reflection
Stlth  +++.......               g - ring of Nutaedumm {rN+ Str+2 Slay+2 Stlth-}
                                N - ring "Iwaibb" {+Fly rF+ rN+}

@: paralysed, fainting, repel missiles, quick, extremely resistant to hostile
enchantments, fairly stealthy
A: big wings, fangs 1, talons 1, clarity, low mp 1, negative energy resistance
1, electricity resistance, slow regeneration 1, unbreathing, evolution 1,
petrification resistance, rot immunity, AC +20
a: Fly, Heroism, Finesse, Renounce Religion, Evoke Flight
}: 4/15 runes: serpentine, barnacled, silver, golden


You were on level 5 of the Realm of Zot.
You worshipped Okawaru.
Okawaru was exalted by your worship.
You were fainting.

You visited 13 branches of the dungeon, and saw 59 of its levels.
You visited 1 ziggurat, and saw 11 of its levels.
You also visited: Labyrinth, Sewer and Ice Cave.

You collected 12757 gold pieces.
You spent 2086 gold pieces at shops.

Inventory:

Hand Weapons
 S - a +9 hand crossbow of flaming (weapon)
 T - a +9 morningstar of holy wrath
Missiles
 j - 126 silver bolts
 H - 26 bolts of penetration
 R - 1152 bolts (quivered)
Armour
 b - the +10 chain mail of the Beginning (worn) {rElec Dex+2 SInv}
   (Okawaru gifted it to you on level 3 of the Vaults)

   It affects your dexterity (+2).
   It insulates you from electricity.
   It lets you see invisible.
 n - a +6 large shield (worn)
 r - a +2 pair of boots of running (worn)
 E - the +2 helmet of Happiness (worn) {Int+3 Dex+4}
   (You bought it in a shop on level 2 of the Orcish Mines)

   It affects your intelligence (+3).
   It affects your dexterity (+4).
 L - a +2 pair of gloves of strength (worn)
 X - a +2 cloak of magic resistance (worn)
Jewellery
 g - the ring of Nutaedumm (right hand) {rN+ Str+2 Slay+2 Stlth-}
   (You found it on level 3 of the Tomb of the Ancients)

   [ring of loudness]

   It affects your strength (+2).
   It affects your accuracy and damage with ranged weapons and melee attacks
   (+2).
   It protects you from negative energy.
   It makes you less stealthy.
 h - the ring "Suaz Sos" {rN+ MP+9 Str+2 Dex+3}
   (You bought it in a shop on level 2 of the Orcish Mines)

   [ring of positive energy]

   It affects your strength (+2).
   It affects your dexterity (+3).
   It protects you from negative energy.
   It affects your magic capacity (+9).
 q - the amulet "Zycirph" {rCorr *Contam rPois rF+ Slay+2}
   (You found it on level 3 of the Elven Halls)

   [amulet of resist corrosion]

   It protects you from acid and corrosion.
   It affects your accuracy and damage with ranged weapons and melee attacks
   (+2).
   It protects you from fire.
   It protects you from poison.
   It causes magical contamination when unequipped.
 u - the ring "Wiriggi" {MR++ Str+3 Int-4 Stlth-}
   (You found it on level 3 of the Tomb of the Ancients)

   [ring of loudness]

   It affects your strength (+3).
   It affects your intelligence (-4).
   It affects your resistance to hostile enchantments.
   It makes you less stealthy.
 B - an uncursed ring of protection from fire
 G - a +3 amulet of reflection (around neck)
 J - an uncursed ring of protection from cold
 N - the ring "Iwaibb" (left hand) {+Fly rF+ rN+}
   (You found it on level 5 of a ziggurat)

   [ring of flight]

   It protects you from fire.
   It protects you from negative energy.
   It lets you fly.
Wands
 c - a wand of draining (2/15)
 e - a wand of digging (12/24)
 y - a wand of disintegration (0/24)
 A - a wand of cold (13/15)
 C - a wand of fire (8/15)
 I - a wand of invisibility (5/9)
Scrolls
 k - a scroll of magic mapping
 l - 5 scrolls of identify
 s - 3 scrolls of blinking
 t - 3 scrolls of silence
 v - 32 scrolls of remove curse
 w - 2 scrolls of summoning
 z - 13 scrolls of teleportation
 F - 3 scrolls of enchant weapon
 M - 3 scrolls of fog
 U - 4 scrolls of recharging
 Z - 10 scrolls of fear
Potions
 a - a potion of cancellation
 d - 2 potions of haste
 m - 2 potions of heal wounds
 o - 15 potions of brilliance
 p - 28 potions of curing
 x - 6 potions of might
 O - 2 potions of cure mutation
 P - a potion of invisibility
 Q - 2 potions of resistance
 V - 4 potions of agility
 W - a potion of berserk rage
 Y - 3 potions of magic
Miscellaneous
 D - a figurine of a ziggurat
Comestibles
 f - 9 bread rations
 i - 10 meat rations


   Skills:
 - Level 22.0 Fighting
 - Level 22.0 Maces & Flails
 + Level 19.0 Crossbows
 - Level 17.0 Armour
 + Level 16.0 Dodging
 - Level 18.4 Stealth
 - Level 16.7 Shields
 - Level 4.0 Spellcasting
 + Level 10.1 Conjurations
 + Level 7.6 Hexes
 - Level 6.4 Charms
 - Level 16.7 Translocations
 - Level 5.8 Air Magic
 - Level 16.0 Invocations
 - Level 10.5 Evocations


You had 9 spell levels left.
You knew the following spells:

 Your Spells              Type           Power        Failure   Level  Hunger
a - Apportation           Tloc           ######....   1%          1    None
b - Blink                 Tloc           N/A          1%          2    ##.....
c - Dazzling Spray        Conj/Hex       ####....     17%         3    ###....
d - Repel Missiles        Chrm/Air       ###...       21%         2    ##.....
e - Phase Shift           Tloc           ######....   6%          5    ######.
f - Deflect Missiles      Chrm/Air       ###.......   100%        6    #######
g - Shroud of Golubria    Chrm/Tloc      #####.....   1%          2    ##.....
h - Swiftness             Chrm/Air       ###.....     21%         2    ##.....
i - Song of Sleighing     Chrm           ###.....     21%         2    ##.....


Dungeon Overview and Level Annotations

Branches:
Dungeon (15/15)            Temple (1/1) D:5            Lair (8/8) D:10
 Shoals (4/4) Lair:3        Snake (4/4) Lair:4        Slime (0/6) Lair:7
    Orc (2/2) D:12            Elf (3/3) Orc:2        Vaults (5/5) D:13
  Crypt (3/3) Vaults:3       Tomb (3/3) Crypt:3      Depths (5/5) D:15
   Hell (1/1)                 Dis (0/7) Hell            Geh (0/7) Hell
    Nor (0/7) Hell            Tar (0/7) Hell            Zot (5/5) Depths:5

Altars:
Cheibriados
Dithmenos
Elyvilon
Fedhas
Gozag
Kikubaaqudgha
Makhleb
Okawaru
Pakellas
Ru
Trog
Xom
Zin
The Shining One
Beogh

Shops:
D:4 [   D:6 *   D:7 (   D:14 [   D:15 ?   Orc:2 }=*[(   Elf:1 [   Shoals:2 %
Vaults:4 [

Portals:
Hell: Depths:1 Depths:2 Depths:3 Depths:4 Depths:5
Abyss: Depths:2 Depths:4
Pandemonium: Depths:3 Depths:4

Annotations:
Shoals:1 exclusion: obsidian statue
Vaults:3 exclusion: obsidian statue


Innate Abilities, Weirdness & Mutations

You are resistant to torment.
Your stone body is resilient (AC +20).
You are immune to poison.
Your large and strong wings let you fly indefinitely.
You resist negative energy.
You are resistant to electric shocks.
You can survive without breathing.
You are immune to petrification.
You are immune to rotting.
You have very sharp teeth.
You have sharp toenails.
You possess an exceptional clarity of mind.
Your magical capacity is low (-10% MP).
You regenerate slowly when monsters are visible.
You evolve.


Message History

You feel slightly more hungry. The death cob hits you.
You feel slightly more hungry. The death cob hits you.
You feel slightly more hungry. The death cob hits you.
You feel slightly more hungry. The death cob hits you!! The death cob hits you.
The death cob hits you. The death cob hits you. x3
The death cob hits you. The death cob hits you!
* * * LOW HITPOINT WARNING * * *
The death cob hits you!
* * * LOW HITPOINT WARNING * * *
The death cob hits you. x2
The orb of fire glows deep purple.
Strange energies course through your body.
Your natural regeneration is weakened.
The moth of wrath goads the white draconian on!
The white draconian goes berserk!
The death cob hits you. The death cob hits you. x2
The moth of wrath angrily waves its antennae.
You have starved to death.
You die...

,,,,** #.............# **,,,,,,
,,,** ##.............## **,,,,,
,,** #...............# **,,,,
###▓▓▓▓########.########▓▓▓▓#####
(..........'.....)........)......
.##..##....#.....................
.##..##....#.......)...........[)
...........'...zz......##########
...........#..dz@......#.........
.....##.q..#..d*########.........
###..##.d..#..qz# #......)..
.##..##....#.d.y# #.........
.....#.....'q.3y# #..##.....
.....##....#qqDp# #..##.....
.######....#....########....)....
###..##....#....#.....##.........
.#.........'....#......#........)


You could see an orb of fire, a Killer Klown, 2 draconians, a black draconian, a
green draconian, a white draconian (berserk), 4 death cobs, an ice dragon, a
yellow draconian zealot, a green draconian annihilator, a sun demon and 2 moths
of wrath.

Vanquished Creatures
  Khufu (Tomb:2)
  An ancient lich (Crypt:3)
  Mara (Tomb:3)
  A juggernaut (Depths:2)
  Mennas (Vaults:4)
  36 greater mummies
  Boris (Vaults:4)
  Vashnia (Snake:2)
  Margery (Vaults:4)
  2 curse toes
  A Killer Klown (Zot:2)
  Geryon (Hell)
  10 golden dragons
  Nikola (Snake:2)
  Jory (Tomb:1)
  the Enchantress (Depths:3)
  10 liches
  54 doom hounds
  An electric golem (Zot:4)
  Rupert (Lair:7)
  16 tentacled monstrosities
  7 Orb Guardians (Zot:5)
  2 deep elf blademasters (Elf:3)
  A quicksilver dragon (Depths:2)
  5 titans
  2 deep elf master archers (Elf:3)
  2 krakens
  8 ancient champions
  An acid blob (Zig:4)
  13 death cobs
  Gastronok (Lair:2)
  5 tengu reavers
  10 sphinxes
  Agnes (Snake:2)
  4 shadow dragons
  14 storm dragons
  Kirke (Lair:7)
  An azure jelly (Zig:4)
  Ilsuiw (Shoals:4)
  5 draconian monks
  13 frost giants
  4 revenants
  12 greater nagas
  Wiglaf (Vaults:4)
  Donald (Shoals:3)
  7 draconian knights
  Aizul (Shoals:1)
  8 deep elf sorcerers
  19 vault wardens
  A balrug (Hell)
  2 iron dragons
  An orc warlord (Orc:2)
  2 ghost moths
  A draconian scorcher (Zot:4)
  3 draconian zealots
  7 fire giants
  6 deep elf elementalists
  19 very ugly things
  5 draconian shifters
  4 curse skulls
  A ghoul (Crypt:2)
  8 war gargoyles
  15 ironheart preservers
  8 draconian annihilators
  7 spriggan defenders
  6 reapers
  2 draconian callers
  23 stone giants
  2 grey draconians (Depths:5)
  6 salamander stormcallers
  2 vampire knights
  12 deep elf demonologists
  9 black draconians
  9 green draconians
  A dire elephant (Depths:3)
  7 purple draconians
  A lorocyproca (Hell)
  5 deep elf annihilators (Elf:3)
  10 mottled draconians
  4 spark wasps (Depths:1)
  10 bennus
  10 red draconians
  5 white draconians
  9 yellow draconians
  Snorg (D:11)
  An ettin (shapeshifter) (Vaults:5)
  4 merfolk javelineers
  4 jiangshi
  15 ettins
  5 eidola
  25 mummy priests
  32 vault guards
  8 deep elf death magi
  A green death (Depths:4)
  A quicksilver dragon zombie (Hell)
  18 yaktaur captains
  17 fire dragons
  6 merfolk impalers
  19 ogre magi
  Josephine (Orc:1)
  A kraken zombie (Hell)
  3 blizzard demons
  A minotaur (Lab)
  3 entropy weavers
  9 ice dragons
  4 deep elf high priests
  13 great orbs of eyes
  Fannar (D:11)
  7 rakshasas
  A hell beast (Depths:2)
  Harold (Lair:3)
  21 naga warriors
  9 centaur warriors
  12 anacondas
  8 merfolk avatars
  7 spriggan air magi
  11 hydras
  An alligator (Zig:6)
  A death knight (Crypt:2)
  A satyr (Shoals:3)
  An alligator snapping turtle (shapeshifter) (Depths:2)
  A catoblepas (Lair:3)
  13 merfolk aquamancers
  9 deep troll earth magi
  7 death yaks (Depths:3)
  14 deep troll shamans
  9 tengu warriors
  6 spriggan berserkers
  21 naga sharpshooters
  A titan zombie (Tomb:2)
  24 dancing weapons
  25 deep elf knights
  Sonja (D:11)
  7 sun demons
  2 iron golems
  4 orc high priests
  6 shock serpents
  2 hell hogs (Hell)
  2 vampire magi
  A storm dragon zombie (Tomb:1)
  7 soul eaters
  13 death scarabs
  11 sea snakes
  25 hell knights
  8 iron trolls
  A small abomination (Elf:3)
  37 skeletal warriors
  3 storm dragon skeletons
  A spark wasp zombie (Crypt:2)
  2 salamander mystics (Snake:4)
  4 shadow wraiths
  A shadow demon (Tomb:2)
  7 unseen horrors
  A sea snake (shapeshifter) (Depths:2)
  6 wizards
  A death drake (Zig:6)
  2 giant orange brains
  A deep troll (shapeshifter) (Vaults:5)
  An anaconda zombie (Hell)
  2 swamp dragons (Zig:6)
  A gelid demonspawn (Depths:4)
  12 orc knights
  A shambling mangrove (Zig:6)
  2 anaconda skeletons (Hell)
  11 flayed ghosts
  26 deep trolls
  17 deep elf archers
  11 necromancers
  Pikel (D:5)
  28 anubis guards
  4 golden dragon skeletons
  A putrid demonspawn (Depths:4)
  5 wolf spiders
  15 phantasmal warriors
  8 mana vipers
  8 naga ritualists
  A hill giant (shapeshifter) (Vaults:4)
  2 hornets (shapeshifter)
  2 wolf spider zombies (D:13)
  3 fauns
  37 harpies
  9 orc sorcerers
  9 cyclopes
  A manticore (shapeshifter) (Vaults:4)
  14 manticores
  58 deep elf magi
  11 hill giants
  14 ironbrand convokers
  A fire giant zombie (Hell)
  4 oklob plants (Snake:1)
  6 water nymphs
  49 ugly things
  2 frost giant zombies
  8 salamanders
  3 hornets
  An orb spider (Zot:2)
  A sphinx skeleton (Crypt:1)
  A centaur zombie (D:15)
  10 fire giant skeletons (Crypt:3)
  4 sirens
  A water nymph (shapeshifter) (Vaults:4)
  An iron dragon skeleton (Tomb:1)
  11 griffons
  A stone giant skeleton (Crypt:1)
  A spriggan zombie (Zig:3)
  A dire elephant zombie (Hell)
  A salamander (shapeshifter) (Vaults:4)
  An octopode (shapeshifter) (Vaults:1)
  A cyclops (shapeshifter) (Vaults:3)
  21 naga magi
  6 ice statues
  2 smoke demons (Hell)
  A frost giant skeleton (Hell)
  17 moths of wrath
  2 orange demons
  9 rust devils
  33 black mambas
  2 guardian serpents
  Psyche (D:8)
  A torpor snail (Lair:4)
  11 elephants
  16 vault sentinels
  A spiny frog (shapeshifter) (Vaults:2)
  9 spiny frogs
  6 gargoyles
  An anaconda simulacrum (Hell)
  6 ice devils
  35 yaktaurs
  9 spriggan druids
  A hellion (Hell)
  3 hydra zombies (Hell)
  A fire drake (Lair:7)
  2 storm dragon simulacra
  12 kobold demonologists
  2 dire elephant skeletons
  A wind drake (shapeshifter) (Depths:3)
  A mottled draconian skeleton (Crypt:1)
  6 tengu conjurers
  7 komodo dragons
  39 guardian mummies
  A yellow draconian skeleton (Crypt:1)
  9 trolls
  3 wind drakes
  9 red devils
  4 jumping spiders
  A merfolk (shapeshifter) (Elf:3)
  17 blink frogs
  A harpy skeleton (Hell)
  A hydra skeleton (Hell)
  A jumping spider (shapeshifter) (Depths:2)
  9 polar bears (Lair:8)
  2 two-headed ogres (shapeshifter)
  33 merfolk
  13 freezing wraiths
  30 ushabtiu
  38 two-headed ogres
  2 ettin zombies
  A hornet zombie (D:13)
  A tarantella zombie (Crypt:2)
  A bog body (Crypt:2)
  A raiju (shapeshifter) (Depths:4)
  8 snapping turtles
  An alligator zombie (Crypt:1)
  8 boulder beetles
  37 slime creatures
  An ice dragon zombie (Crypt:1)
  37 flying skulls
  2 trapdoor spiders
  An ettin skeleton (Crypt:3)
  A trapdoor spider (shapeshifter) (Depths:1)
  18 redbacks
  56 spriggans
  79 yaks
  13 wraiths
  8 air elementals
  An ice dragon skeleton (Crypt:1)
  3 fire bats (D:11)
  4 wyverns
  A redback (shapeshifter) (Depths:1)
  6 fire dragon skeletons (Crypt:3)
  5 fire elementals
  4 tarantellas
  11 shadows
  2 steam dragons
  A human (shapeshifter) (Depths:5)
  3 basilisks
  Grum (Lair:1)
  17 water elementals
  2 vampires
  4 hogs (Lair:7)
  19 humans (D:13)
  A steam dragon (shapeshifter) (Vaults:4)
  8 hungry ghosts
  3 wargs
  12 hippogriffs
  5 mottled dragons
  10 vampire mosquitoes
  38 wolves
  Edmund (D:6)
  41 nagas
  6 hell hounds
  A faun skeleton (Crypt:2)
  13 porcupines
  A wasp (shapeshifter) (Vaults:4)
  16 water moccasins
  A soldier ant (shapeshifter) (Vaults:1)
  A soldier ant (D:11)
  8 ice beasts
  45 orc warriors
  5 sky beasts
  11 black bears
  2 ettin simulacra
  A necrophage (Crypt:2)
  A spiny frog skeleton (Crypt:2)
  27 boggarts
  A slave (D:5)
  72 ogres
  3 phantoms
  A swamp drake (Zig:6)
  30 wasps
  5 eyes of draining
  An ogre (shapeshifter) (Vaults:3)
  2 snapping turtle skeletons
  A tengu (shapeshifter) (Vaults:4)
  An alligator simulacrum (Hell)
  11 centaurs
  22 crocodiles
  An octopode zombie (Crypt:1)
  12 big kobolds
  6 earth elementals
  20 giant frogs
  2 wyvern skeletons
  2 wyvern zombies
  A water moccasin skeleton (D:10)
  4 scorpions
  A polar bear zombie (Crypt:2)
  23 killer bees
  15 wights
  A hippogriff zombie (Crypt:2)
  4 electric eels
  A vampire bat (D:11)
  7 crimson imps
  A giant frog zombie (D:9)
  17 jellies
  A quasit (D:8)
  A two-headed ogre zombie (Crypt:2)
  3 giant frog skeletons
  2 draconian simulacra (IceCv)
  5 centaur skeletons
  3 human zombies (Crypt:1)
  28 orc priests
  An iron imp (Depths:1)
  2 human skeletons (Crypt:1)
  27 orc wizards
  Terence (D:2)
  8 hounds
  A porcupine zombie (Crypt:2)
  7 iguanas
  8 hell rats
  15 worker ants
  2 spriggan simulacra (IceCv)
  2 troll simulacra (IceCv)
  A lightning spire (Zig:6)
  2 centaur simulacra
  A demigod skeleton (Crypt:2)
  54 sheep
  A big kobold skeleton (Crypt:1)
  A hound zombie (Crypt:2)
  73 mummies
  A worker ant zombie (D:6)
  2 naga simulacra (IceCv)
  80 river rats
  14 adders
  3 gnolls (D:7)
  An ogre simulacrum (IceCv)
  4 shadow imps
  12 white imps (Lair:2)
  13 oozes
  An adder zombie (D:6)
  A worm (shapeshifter) (Vaults:5)
  An adder skeleton (D:8)
  A halfling skeleton (Crypt:2)
  2 worms (D:2)
  8 giant geckos
  106 orcs
  6 bat skeletons (Depths:3)
  A goblin (shapeshifter) (Vaults:5)
  A hobgoblin (shapeshifter) (Vaults:2)
  4 hobgoblins
  16 jackals
  8 ball pythons
  15 bats
  10 giant cockroaches
  8 giant newts
  8 goblins
  49 kobolds
  An orc simulacrum (Hell)
  3 quokkas
  A quokka skeleton (D:7)
  33 rats
  2 crawling corpses (Elf:3)
  2 fire vortices
  2 fungi (Lair:8)
  A plant (Shoals:1)
  7 tentacles
3500 creatures vanquished.

Vanquished Creatures (collateral kills)
  A giant frog (Lair:5)
1 creature vanquished.

Vanquished Creatures (others)
  2 liches (Tomb:2)
  An eldritch tentacle (Tomb:3)
  A draconian knight (Zot:4)
  A fire giant (Depths:1)
  A draconian shifter (Zot:3)
  A very ugly thing (Depths:1)
  A green draconian (Depths:5)
  A deep elf high priest (Vaults:5)
  A hydra (Lair:8)
  An ice dragon (Depths:5)
  A deep elf knight (Elf:3)
  7 death scarabs (Tomb:2)
  A wolf spider zombie (Tomb:3)
  A fire giant zombie (Tomb:2)
  An ugly thing (Depths:5)
  2 naga magi
  3 yaktaurs
  A tengu conjurer (Depths:2)
  6 flying skulls (Tomb:2)
  A spriggan (Depths:3)
  An ice dragon skeleton (Tomb:2)
  A naga (Zig:7)
  A spiny frog zombie (Hell)
  2 wasps (Zot:2)
  A snapping turtle skeleton (Tomb:2)
  2 boggarts
  An ogre (Vaults:5)
  An orc priest (Orc:1)
  A hell rat (Hell)
  5 mummies (Tomb:2)
  An orc (Orc:1)
  A giant gecko skeleton (D:5)
  99 eldritch tentacle segments (Tomb:3)
  A fire vortex (Hell)
  25 fungi
  9 lost souls
  20 plants
  22 tentacles
  624 tentacle segments
853 creatures vanquished.

Grand Total: 4354 creatures vanquished

Notes
Turn   | Place    | Note
--------------------------------------------------------------
     0 | D:1      | Ijustatesigmund the Gargoyle Fighter began the quest for the Orb.
     0 | D:1      | Reached XP level 1. HP: 14/14 MP: 1/1
   250 | D:1      | Reached XP level 2. HP: 17/19 MP: 2/2
   722 | D:1      | Reached XP level 3. HP: 16/23 MP: 3/3
   989 | D:2      | Found a faded altar to an unknown god.
  1107 | D:2      | Noticed Terence
  1111 | D:2      | Killed Terence
  1111 | D:2      | Reached skill level 4 in Maces & Flails
  1111 | D:2      | Reached XP level 4. HP: 24/28 MP: 4/4
  1715 | D:3      | Reached XP level 5. HP: 28/33 MP: 5/5
  1760 | D:2      | Reached skill level 5 in Maces & Flails
  2250 | D:3      | Reached XP level 6. HP: 20/39 MP: 6/6
  2282 | D:4      | Found a glowing drain.
  2312 | Sewer    | Entered a sewer
  2547 | Sewer    | Reached skill level 5 in Fighting
  2798 | Sewer    | Reached skill level 6 in Maces & Flails
  2875 | Sewer    | Reached XP level 7. HP: 44/44 MP: 7/7
  3220 | D:4      | Found Lexzop's Antique Armour Shoppe.
  3224 | D:4      | Bought a pair of runed gloves for 130 gold pieces
  4288 | D:5      | Entered Level 5 of the Dungeon
  4298 | D:5      | Reached skill level 7 in Maces & Flails
  4343 | D:5      | Noticed a steam dragon
  4345 | D:5      | Noticed a steam dragon
  4370 | D:5      | You fall through a shaft!
  4563 | D:6      | Found a blossoming altar of Fedhas.
  4611 | D:6      | Reached XP level 8. HP: 43/52 MP: 8/8
  4690 | D:5      | Noticed Pikel
  4710 | D:5      | Killed Pikel
  4839 | D:5      | Reached skill level 8 in Maces & Flails
  4842 | D:5      | Reached XP level 9. HP: 29/59 MP: 9/9
  5150 | D:5      | Found a staircase to the Ecumenical Temple.
  5178 | Temple   | Entered the Ecumenical Temple
  5182 | Temple   | Reached skill level 5 in Armour
  5182 | Temple   | Reached skill level 5 in Shields
  5280 | Temple   | Became a worshipper of Warmaster Okawaru
  5505 | D:5      | Reached * piety under Okawaru
  5833 | D:5      | Reached skill level 5 in Invocations
  5915 | D:6      | Found Mafoid's Assorted Antiques.
  5935 | D:6      | Bought a scroll of teleportation for 75 gold pieces
  6014 | D:6      | Noticed Edmund
  6030 | D:6      | Killed Edmund
  6253 | D:6      | Reached ** piety under Okawaru
  6461 | D:6      | Found an oddly glowing altar of Pakellas.
  6466 | D:6      | Reached skill level 11 in Fighting
  6466 | D:6      | Reached XP level 10. HP: 64/70 MP: 14/18
  7034 | D:7      | Got a clouded lapis lazuli ring
  7036 | D:7      | Identified the ring "Unoam" {rPois Int+4} (You found it on level 7 of the Dungeon)
  7318 | D:7      | Reached XP level 11. HP: 74/74 MP: 19/19
  7356 | D:7      | Found Faweiban's Weapon Boutique.
  8176 | D:8      | Noticed Psyche
  8191 | D:8      | Killed Psyche
  8515 | D:8      | Reached *** piety under Okawaru
  9543 | D:9      | Reached **** piety under Okawaru
 10000 | D:10     | Entered Level 10 of the Dungeon
 10026 | D:10     | Noticed a hill giant
 10032 | D:10     | Noticed a hill giant
 10037 | D:10     | Killed a hill giant
 10047 | D:10     | Killed a hill giant
 10047 | D:10     | Reached skill level 1 in Stealth
 10453 | D:10     | Noticed an eight-headed hydra
 10701 | D:11     | Noticed Snorg
 10723 | D:11     | Killed Snorg
 10723 | D:11     | Reached ***** piety under Okawaru
 10840 | D:11     | Killed an unseen horror
 10840 | D:11     | Reached skill level 10 in Maces & Flails
 10840 | D:11     | Reached XP level 12. HP: 54/81 MP: 20/20
 11003 | D:11     | Reached skill level 12 in Fighting
 11023 | D:11     | Received a gift from Okawaru
 11028 | D:11     | Got a pair of heavily runed gloves {god gift}
 11117 | D:11     | Identified the -5 pair of gloves of the Hot Ocelot {rC+ Dex+9} (Okawaru gifted it to you on level 11 of the Dungeon)
 11482 | D:10     | Found a staircase to the Lair.
 11604 | Lair:1   | Entered Level 1 of the Lair of Beasts
 11840 | Lair:1   | Noticed Grum
 11853 | Lair:1   | Killed Grum
 12110 | Lair:1   | Noticed a five-headed hydra
 12123 | Lair:1   | Killed a five-headed hydra
 12236 | Lair:1   | Reached skill level 13 in Fighting
 12882 | Lair:2   | Found a frozen archway.
 12988 | IceCv    | Entered an ice cave
 13868 | IceCv    | Reached XP level 13. HP: 51/89 MP: 21/21
 14445 | Lair:2   | Noticed Gastronok
 15154 | D:6      | Bought a helmet for 112 gold pieces
 15154 | D:6      | Bought a scroll labeled WOSICV TATYA for 25 gold pieces
 15154 | D:6      | Bought a glowing hand crossbow for 87 gold pieces
 15154 | D:6      | Bought a scroll of teleportation for 75 gold pieces
 15525 | D:10     | Reached skill level 1 in Dodging
 15550 | D:10     | Reached skill level 1 in Crossbows
 15825 | D:11     | Received a gift from Okawaru
 15897 | D:11     | Noticed Fannar
 15939 | D:11     | Killed Fannar
 16213 | D:10     | Received a gift from Okawaru
 16626 | D:11     | Noticed Sonja
 16629 | D:11     | Killed Sonja
 16952 | D:12     | Reached skill level 5 in Crossbows
 17017 | D:12     | Found a staircase to the Orcish Mines.
 17426 | D:12     | Found a roughly hewn altar of Beogh.
 17509 | D:12     | Received a gift from Okawaru
 17852 | D:13     | Received a gift from Okawaru
 17899 | D:13     | Gained mutation: Your large and strong wings let you fly indefinitely. [Gargoyle growth]
 17899 | D:13     | Reached XP level 14. HP: 75/95 MP: 22/22
 17998 | D:13     | Found a gate to the Vaults.
 18030 | D:13     | Reached ****** piety under Okawaru
 18048 | D:13     | Received a gift from Okawaru
 18196 | D:13     | Reached skill level 10 in Crossbows
 18591 | D:13     | Got a jewelled long sword
 18592 | D:13     | Identified the cursed +0 long sword "Ehisaeli" {slice, rF+ rN+} (You found it on level 13 of the Dungeon)
 19528 | D:14     | Received a gift from Okawaru
 19729 | D:14     | Found Rangan's Antique Armour Boutique.
 19737 | D:14     | Bought a pair of embroidered boots for 117 gold pieces
 19742 | D:14     | Identified a +0 pair of boots of running (You bought it in a shop on level 14 of the Dungeon)
 19751 | D:14     | Found a sacrificial altar of Ru.
 20008 | D:14     | Received a gift from Okawaru
 20069 | D:14     | Learned a level 1 spell: Apportation
 20111 | D:14     | Reached skill level 1 in Translocations
 20155 | D:14     | Learned a level 2 spell: Blink
 20667 | D:15     | Entered Level 15 of the Dungeon
 20836 | D:15     | Reached skill level 5 in Translocations
 21361 | D:11     | Received a gift from Okawaru
 21640 | Lair:3   | Received a gift from Okawaru
 21804 | Lair:3   | Reached XP level 15. HP: 92/100 MP: 23/23
 21895 | Lair:3   | Received a gift from Okawaru
 21908 | Lair:3   | Noticed Harold
 21930 | Lair:3   | Killed Harold
 22302 | Lair:3   | Found a staircase to the Shoals.
 22469 | Lair:4   | Reached skill level 1 in Spellcasting
 22591 | Lair:4   | Got a pitted chain mail
 22602 | Lair:4   | Identified the +7 chain mail "Cuagaun" {+Inv rPois Str+8 Slay-4} (You found it on level 4 of the Lair of Beasts)
 22658 | Lair:4   | Found a staircase to the Snake Pit.
 23051 | Lair:4   | Received a gift from Okawaru
 23358 | Lair:4   | Received a gift from Okawaru
 23691 | Lair:2   | Killed Gastronok
 24274 | Lair:1   | Learned a level 3 spell: Dazzling Spray
 25937 | Lair:7   | Found a staircase to the Slime Pits.
 25953 | Lair:7   | Noticed Rupert
 26039 | Lair:8   | Entered Level 8 of the Lair of Beasts
 26114 | Lair:8   | Received a gift from Okawaru
 26533 | Lair:8   | Received a gift from Okawaru
 26562 | Lair:8   | Reached skill level 5 in Dodging
 27205 | Lair:8   | Received a gift from Okawaru
 27205 | Lair:8   | Reached XP level 16. HP: 105/105 MP: 24/24
 27210 | Lair:8   | Got a shimmering flail {god gift}
 27211 | Lair:8   | Identified the +7 flail of the Twelve Wishes {drain, rPois Str-2 Int+5} (Okawaru gifted it to you on level 8 of the Lair of Beasts)
 27668 | Lair:7   | Got a heavily runed chain mail
 27679 | Lair:7   | Identified the +4 chain mail of Olios {rElec MR+ rCorr Stlth+} (You found it on level 7 of the Lair of Beasts)
 27821 | Lair:7   | Noticed Kirke
 27887 | Lair:7   | Killed Kirke
 27887 | Lair:7   | Reached skill level 10 in Armour
 28065 | Lair:7   | Killed Rupert
 28065 | Lair:7   | Received a gift from Okawaru
 28065 | Lair:7   | Reached skill level 14 in Maces & Flails
 28068 | Lair:7   | Got a dazzling cloak {god gift}
 28079 | Lair:7   | Identified the +0 cloak of Lyubbir {Str+3 Stlth+} (Okawaru gifted it to you on level 7 of the Lair of Beasts)
 28582 | Lair:2   | Upgraded the game from 0.18-a0-867-gfd1cc8f to 0.18-a0-884-gb6cfd45
 28632 | Snake:1  | Entered Level 1 of the Snake Pit
 30808 | Snake:1  | Received a gift from Okawaru
 30927 | Snake:2  | Noticed Nikola
 30951 | Snake:2  | Killed Nikola
 30951 | Snake:2  | Received a gift from Okawaru
 31009 | Snake:2  | Received a gift from Okawaru
 31023 | Snake:2  | Noticed Vashnia
 31951 | Snake:2  | Noticed Agnes
 31961 | Snake:2  | Killed Agnes
 32372 | Snake:1  | Received a gift from Okawaru
 32372 | Snake:1  | Reached skill level 15 in Maces & Flails
 32376 | Snake:1  | Got a slimy arbalest {god gift}
 32377 | Snake:1  | Identified the +1 arbalest of Unreason {penet, Str+6} (Okawaru gifted it to you on level 1 of the Snake Pit)
 32561 | Snake:2  | Reached XP level 17. HP: 110/110 MP: 25/25
 32633 | Snake:2  | Killed Vashnia
 33497 | Snake:3  | Received a gift from Okawaru
 33744 | Snake:4  | Entered Level 4 of the Snake Pit
 33856 | Snake:4  | Received a gift from Okawaru
 34998 | Snake:4  | Received a gift from Okawaru
 35022 | Snake:4  | Received a gift from Okawaru
 35519 | Snake:4  | Reached skill level 16 in Maces & Flails
 35852 | Snake:4  | Received a gift from Okawaru
 35929 | Snake:4  | Reached XP level 18. HP: 55/116 MP: 26/26
 36106 | Snake:4  | Received a gift from Okawaru
 36332 | Snake:3  | Received a gift from Okawaru
 37359 | Snake:4  | Got a serpentine rune of Zot
 37386 | Snake:4  | Reached skill level 10 in Shields
 37957 | D:15     | Found a staircase to the Depths.
 37973 | D:15     | Found Eddysy's Magic Scroll Emporium.
 38119 | Vaults:1 | Entered Level 1 of the Vaults
 38722 | D:13     | Received a gift from Okawaru
 38927 | Vaults:1 | Reached skill level 15 in Fighting
 38943 | Vaults:1 | Received a gift from Okawaru
 39412 | Vaults:1 | Reached skill level 10 in Translocations
 39888 | Vaults:1 | Received a gift from Okawaru
 41361 | Vaults:2 | Reached XP level 19. HP: 97/124 MP: 27/27
 41378 | Vaults:2 | Received a gift from Okawaru
 42387 | Vaults:1 | Upgraded the game from 0.18-a0-884-gb6cfd45 to 0.18-a0-888-gdb73dea
 43399 | Vaults:3 | Reached skill level 5 in Stealth
 43747 | Vaults:3 | Received a gift from Okawaru
 43755 | Vaults:3 | Got a steaming chain mail {god gift}
 43770 | Vaults:2 | Identified the +10 chain mail of the Beginning {rElec Dex+2 SInv} (Okawaru gifted it to you on level 3 of the Vaults)
 43958 | Vaults:3 | Found a staircase to the Crypt.
 44829 | Vaults:3 | Received a gift from Okawaru
 45086 | Vaults:4 | Reached XP level 20. HP: 131/131 MP: 29/29
 45126 | Vaults:4 | Found Vosatiacs's Antique Armour Shoppe.
 45339 | Vaults:4 | Reached skill level 15 in Armour
 46418 | Vaults:4 | Noticed Boris
 46440 | Vaults:4 | Killed Boris
 47251 | Shoals:1 | Entered Level 1 of the Shoals
 47251 | Shoals:1 | Noticed Aizul
 47265 | Shoals:1 | Killed Aizul
 47265 | Shoals:1 | Received a gift from Okawaru
 48249 | Shoals:2 | Found Teivef's Food Shoppe.
 49010 | Shoals:2 | Received a gift from Okawaru
 49470 | Shoals:3 | Reached XP level 21. HP: 136/136 MP: 31/31
 50040 | Shoals:3 | Noticed Donald
 50063 | Shoals:3 | Killed Donald
 50555 | Shoals:4 | Entered Level 4 of the Shoals
 50758 | Shoals:4 | Reached skill level 17 in Maces & Flails
 50786 | Shoals:4 | Noticed Ilsuiw
 50884 | Shoals:4 | Killed Ilsuiw
 51272 | Shoals:4 | Received a gift from Okawaru
 51420 | Shoals:4 | Got a barnacled rune of Zot
 52319 | Orc:1    | Entered Level 1 of the Orcish Mines
 52319 | Orc:1    | Noticed Josephine
 52335 | Orc:1    | Killed Josephine
 52335 | Orc:1    | Received a gift from Okawaru
 52358 | Orc:1    | Gained mutation: Your magical capacity is low (-10% MP). [a neqoxec]
 52837 | Orc:1    | Reached skill level 15 in Invocations
 53104 | Orc:2    | Entered Level 2 of the Orcish Mines
 53144 | Orc:2    | Found a labyrinth entrance.
 53148 | Orc:2    | Found a staircase to the Elven Halls.
 53167 | Orc:2    | Found Humun's Quality Used Wands.
 53185 | Lab      | Entered a labyrinth
 54315 | Lab      | Learned a level 2 spell: Repel Missiles
 54700 | Orc:1    | Got a bloodstained buckler {god gift}
 54711 | Orc:1    | Identified the +2 buckler of the Little Devil {rPois rF+} (Okawaru gifted it to you on level 1 of the Orcish Mines)
 55749 | Orc:2    | Found Soushups's General Store.
 55889 | Orc:2    | Found Niyler's Antique Armour Shop.
 55889 | Orc:2    | Found Ripn's Antique Weapon Shop.
 55911 | Orc:2    | Found Momap's Jewellery Boutique.
 55925 | Orc:2    | Bought a warped helmet for 294 gold pieces
 55935 | Orc:2    | Identified the +2 helmet of Happiness {Int+3 Dex+4} (You bought it in a shop on level 2 of the Orcish Mines)
 55949 | Orc:2    | Bought the ring "Suaz Sos" {rN+ MP+9 Str+2 Dex+3} for 600 gold pieces
 55949 | Orc:2    | Bought a +3 amulet of reflection for 400 gold pieces
 56093 | Elf:1    | Entered Level 1 of the Elven Halls
 56457 | Elf:1    | Reached XP level 22. HP: 142/142 MP: 30/30
 56694 | Elf:1    | Found Ecib's Antique Armour Emporium.
 56704 | Elf:1    | Bought a pair of glowing gloves for 171 gold pieces
 57028 | Elf:2    | Found a runed gate.
 57028 | Elf:2    | Found a runed gate.
 57029 | Elf:2    | Found a runed gate.
 57108 | Elf:2    | Reached skill level 1 in Charms
 57145 | Elf:2    | Reached skill level 1 in Conjurations
 57172 | Elf:2    | Reached skill level 1 in Hexes
 57220 | Elf:2    | Reached skill level 1 in Air Magic
 57253 | Elf:2    | Received a gift from Okawaru
 57962 | Elf:3    | Entered Level 3 of the Elven Halls
 58069 | Elf:3    | Received a gift from Okawaru
 58571 | Elf:3    | Reached skill level 5 in Charms
 58766 | Elf:3    | Got an ichor-stained morningstar
 58767 | Elf:3    | Identified the +4 morningstar of the Jester {flame, *Corrode SInv Stlth+} (You found it on level 3 of the Elven Halls)
 58827 | Elf:3    | Identified the Compendium of Protection and Orientation (You found it on level 3 of the Elven Halls)
 58902 | Elf:3    | Reached skill level 5 in Air Magic
 58981 | Elf:3    | Got a fine golden amulet
 58982 | Elf:3    | Identified the amulet "Zycirph" {rCorr *Contam rPois rF+ Slay+2} (You found it on level 3 of the Elven Halls)
 58993 | Elf:3    | Learned a level 5 spell: Phase Shift
 59006 | Elf:3    | Learned a level 6 spell: Deflect Missiles
 59208 | Elf:3    | Received a gift from Okawaru
 59251 | Elf:3    | Got a pitted morningstar {god gift}
 59252 | Elf:3    | Identified the +8 morningstar "Dacziutu" {freeze, rF- Str-2 Int+9 Dex+4} (Okawaru gifted it to you on level 3 of the Elven Halls)
 60116 | D:15     | Reached skill level 1 in Evocations
 60245 | D:15     | Reached XP level 23. HP: 131/147 MP: 31/31
 60480 | Depths:1 | Entered Level 1 of the Depths
 60554 | Depths:1 | Found a gateway to a ziggurat.
 60655 | Depths:1 | Received a gift from Okawaru
 60725 | Depths:1 | Received a gift from Okawaru
 61706 | Depths:1 | Found a gateway to Hell.
 61874 | Depths:1 | Reached skill level 5 in Evocations
 62458 | Depths:1 | Received a gift from Okawaru
 62505 | Depths:1 | Reached skill level 18 in Maces & Flails
 62786 | Depths:2 | Noticed a juggernaut
 63752 | Depths:2 | Killed a juggernaut
 63931 | Depths:2 | Received a gift from Okawaru
 64295 | Depths:2 | Found a one-way gate to the infinite horrors of the Abyss.
 64716 | Depths:2 | Reached skill level 10 in Dodging
 64746 | Depths:2 | Reached XP level 24. HP: 147/157 MP: 31/31
 65966 | Vaults:5 | Entered Level 5 of the Vaults
 65985 | Vaults:4 | Received a gift from Okawaru
 66325 | Vaults:5 | Noticed Mennas
 66386 | Vaults:4 | Killed Mennas
 66529 | Vaults:5 | Noticed Margery
 66749 | Vaults:4 | Killed Margery
 66749 | Vaults:4 | Received a gift from Okawaru
 66970 | Vaults:4 | Reached skill level 19 in Maces & Flails
 68294 | Vaults:5 | Noticed Wiglaf
 68334 | Vaults:4 | Killed Wiglaf
 68480 | Vaults:4 | Received a gift from Okawaru
 68624 | Vaults:4 | Reached XP level 25. HP: 138/164 MP: 31/31
 68733 | Vaults:5 | Received a gift from Okawaru
 68805 | Vaults:5 | Got a silver rune of Zot
 68809 | Vaults:5 | Got a shimmering jade amulet
 68810 | Vaults:5 | Identified the amulet of Ofaitamo {Inacc MR+} (You found it on level 5 of the Vaults)
 68812 | Vaults:5 | Identified a +3 rod of destruction (12/12) (You found it on level 1 of the Depths)
 68865 | Vaults:5 | Received a gift from Okawaru
 69292 | Vaults:5 | Reached skill level 10 in Evocations
 69368 | Vaults:5 | Received a gift from Okawaru
 69386 | Vaults:5 | Got a spiked crystal plate armour {god gift}
 69424 | Vaults:4 | Identified the +3 crystal plate armour of Disguise {MP+9 Dex+4} (Okawaru gifted it to you on level 5 of the Vaults)
 70235 | Vaults:5 | Identified A Beginning Course on the Arcane Arts (You found it on level 5 of the Vaults)
 70921 | Zig:1    | Entered Level 1 of a ziggurat
 70956 | Zig:2    | Entered Level 2 of a ziggurat
 71000 | Zig:3    | Entered Level 3 of a ziggurat
 71034 | Zig:4    | Entered Level 4 of a ziggurat
 71212 | Zig:5    | Entered Level 5 of a ziggurat
 71265 | Zig:5    | Got a steaming iron ring
 71267 | Zig:5    | Identified the ring "Iwaibb" {+Fly rF+ rN+} (You found it on level 5 of a ziggurat)
 71273 | Zig:5    | Got a warped helmet
 71284 | Zig:5    | Identified the cursed +0 helmet "Ozxu" {Int+2 Dex+3} (You found it on level 5 of a ziggurat)
 71374 | Zig:6    | Entered Level 6 of a ziggurat
 71474 | Zig:6    | Got a scorched plate armour
 71475 | Zig:6    | Identified the +1 plate armour of Parlour Games {rPois} (You found it on level 6 of a ziggurat)
 71480 | Zig:7    | Entered Level 7 of a ziggurat
 71540 | Zig:7    | Reached skill level 10 in Stealth
 71589 | Zig:8    | Entered Level 8 of a ziggurat
 71660 | Zig:8    | Received a gift from Okawaru
 71685 | Zig:8    | Identified the Reference Book on Torrid Aid
 71689 | Zig:8    | Learned a level 2 spell: Shroud of Golubria
 71692 | Zig:8    | Learned a level 2 spell: Swiftness
 71696 | Zig:8    | Got a bound amethyst amulet
 71697 | Zig:8    | Identified the amulet "Musse" {rCorr Str+3} (You found it on level 8 of a ziggurat)
 71802 | Zig:9    | Entered Level 9 of a ziggurat
 71814 | Zig:9    | Noticed a greater mummy
 71815 | Zig:9    | Noticed a greater mummy
 71826 | Zig:9    | Killed a greater mummy
 71828 | Zig:9    | Identified the Papyrus of Envenoming and Earth (You found it on level 9 of a ziggurat)
 71830 | Zig:10   | Entered Level 10 of a ziggurat
 72121 | Zig:10   | Noticed an ancient lich
 72157 | Zig:11   | Entered Level 11 of a ziggurat
 73625 | Crypt:1  | Entered Level 1 of the Crypt
 73722 | Crypt:1  | Received a gift from Okawaru
 73822 | Crypt:1  | Reached skill level 15 in Stealth
 74241 | Crypt:1  | Gained mutation: Your flesh is cold resistant. [potion of beneficial mutation]
 74264 | Crypt:1  | Reached XP level 26. HP: 172/172 MP: 31/31
 74703 | Crypt:2  | Received a gift from Okawaru
 75471 | Crypt:3  | Entered Level 3 of the Crypt
 75553 | Crypt:3  | Received a gift from Okawaru
 76157 | Crypt:3  | Identified the Compendium of Dark Rituals
 76163 | Crypt:3  | Got a bound tin ring
 76163 | Crypt:3  | Got a pitted ivory ring
 76163 | Crypt:3  | Got a wavering granite ring
 76168 | Crypt:3  | Identified the ring "Joovosk" {+Blink rN+ Str+4} (You found it on level 3 of the Crypt)
 76170 | Crypt:3  | Identified the ring "Homoequb" {rElec rPois rN+ Str-3 Slay-5} (You found it on level 3 of the Crypt)
 76173 | Crypt:3  | Identified the ring of Ytwuirch {-Tele rN+ MR+ Stlth+} (You found it on level 3 of the Crypt)
 76547 | Crypt:3  | Reached skill level 20 in Maces & Flails
 76756 | Crypt:3  | Found a staircase to the Tomb.
 76778 | Crypt:3  | Noticed an ancient lich
 76803 | Crypt:3  | Killed an ancient lich
 76809 | Tomb:1   | Entered Level 1 of the Tomb of the Ancients
 76809 | Tomb:1   | Noticed Jory
 76840 | Tomb:1   | Killed Jory
 77751 | Tomb:1   | Received a gift from Okawaru
 78028 | Tomb:1   | Gained mutation: You evolve. [a neqoxec]
 78528 | Tomb:1   | Identified Sif Muna's Almanac of Execration and the Mountains
 78751 | Tomb:2   | Noticed a greater mummy
 78767 | Tomb:1   | Received a gift from Okawaru
 78878 | Tomb:2   | Noticed a greater mummy
 78937 | Tomb:1   | Killed a greater mummy
 78944 | Tomb:1   | Killed a greater mummy
 79369 | Tomb:1   | Reached XP level 27. HP: 110/180 MP: 31/31
 79554 | Tomb:1   | Reached skill level 21 in Maces & Flails
 79910 | Tomb:2   | Gained mutation: You have very sharp teeth. [evolution]
 81636 | Tomb:2   | Received a gift from Okawaru
 82328 | Tomb:1   | Received a gift from Okawaru
 83035 | Tomb:1   | Received a gift from Okawaru
 83051 | Tomb:1   | Reached skill level 15 in Shields
 83371 | Tomb:2   | Received a gift from Okawaru
 83542 | Tomb:3   | Entered Level 3 of the Tomb of the Ancients
 83542 | Tomb:3   | Noticed Mara
 83549 | Tomb:3   | Killed Mara
 83641 | Tomb:2   | Received a gift from Okawaru
 83657 | Tomb:2   | Got a pitted plate armour {god gift}
 83660 | Tomb:2   | Identified the +10 plate armour of Cit Zul {+Inv Stlth+} (Okawaru gifted it to you on level 2 of the Tomb of the Ancients)
 83876 | Tomb:3   | Noticed Khufu
 84111 | Tomb:2   | Killed Khufu
 84111 | Tomb:2   | Reached skill level 22 in Maces & Flails
 85528 | Tomb:2   | Gained mutation: You have sharp toenails. [evolution]
 86064 | Tomb:2   | Received a gift from Okawaru
 86727 | Tomb:3   | Received a gift from Okawaru
 86967 | Tomb:3   | Got a slimy garnet amulet
 86968 | Tomb:3   | Identified the amulet of the Queen {Faith MR+ MP+9} (You found it on level 3 of the Tomb of the Ancients)
 87135 | Tomb:3   | Got a golden rune of Zot
 87240 | Tomb:3   | Got a clouded lead ring
 87242 | Tomb:3   | Identified the ring "Wiriggi" {MR++ Str+3 Int-4 Stlth-} (You found it on level 3 of the Tomb of the Ancients)
 87269 | Tomb:3   | Got a flickering golden ring
 87271 | Tomb:3   | Identified the Disquisition on Frigorific Execration
 87273 | Tomb:3   | Identified the ring of Nutaedumm {rN+ Str+2 Slay+2 Stlth-} (You found it on level 3 of the Tomb of the Ancients)
 87288 | Tomb:3   | Got a crystal morningstar
 87289 | Tomb:3   | Identified the cursed +3 morningstar of Utipn {speed, Fragile +Blink Int+3 Dex+5} (You found it on level 3 of the Tomb of the Ancients)
 87715 | Crypt:3  | Got a twisted morningstar
 87716 | Crypt:3  | Identified the +3 morningstar "Ajiq" {crush, rPois} (You found it on level 3 of the Crypt)
 87748 | Crypt:3  | Learned a level 2 spell: Song of Sleighing
 89063 | Hell     | Entered the Vestibule of Hell
 89063 | Hell     | Noticed Geryon
 89543 | Depths:1 | Received a gift from Okawaru
 89552 | Hell     | Killed Geryon
 90194 | Hell     | Reached skill level 15 in Translocations
 90265 | Hell     | Found a gateway to the freezing wastes of Cocytus.
 90289 | Hell     | Received a gift from Okawaru
 90346 | Hell     | Found a gateway to the Iron City of Dis.
 90611 | Hell     | Found a gateway to the decaying netherworld of Tartarus.
 90710 | Hell     | Found a gateway to the ashen valley of Gehenna.
 91360 | Depths:2 | Received a gift from Okawaru
 91748 | Depths:3 | Found a bloodstained altar of Trog.
 91894 | Depths:3 | Noticed the Enchantress
 91965 | Depths:3 | Killed the Enchantress
 92213 | Depths:3 | Received a gift from Okawaru
 92937 | Depths:3 | Found a one-way gate leading to the halls of Pandemonium.
 93083 | Depths:3 | Received a gift from Okawaru
 93555 | Depths:3 | Received a gift from Okawaru
 93840 | Depths:4 | Lost mutation: Your flesh is cold resistant. [evolution]
 94108 | Depths:4 | Received a gift from Okawaru
 94180 | Depths:4 | Identified the Papyrus of Bewitching Snow (You found it on level 4 of the Depths)
 94249 | Depths:3 | Received a gift from Okawaru
 94513 | Depths:4 | Reached skill level 15 in Crossbows
 94858 | Depths:5 | Entered Level 5 of the Depths
 95188 | Depths:5 | Received a gift from Okawaru
 95993 | Depths:5 | Received a gift from Okawaru
 96137 | Depths:5 | Found a gate to the Realm of Zot.
 96146 | Zot:1    | Entered Level 1 of the Realm of Zot
 96163 | Depths:5 | Received a gift from Okawaru
 96167 | Depths:5 | Upgraded the game from 0.18-a0-888-gdb73dea to 0.18-a0-900-gbbf5c82
 96828 | Zot:1    | Got a transparent bone ring
 96829 | Zot:1    | Identified the ring "Quolat" {+Blink rPois SInv} (You found it on level 1 of the Realm of Zot)
 97579 | Zot:2    | Reached skill level 5 in Conjurations
 98025 | Zot:2    | Reached skill level 15 in Dodging
 98304 | Zot:2    | Received a gift from Okawaru
 98922 | Zot:3    | Received a gift from Okawaru
 98990 | Zot:3    | Received a gift from Okawaru
 99396 | Zot:3    | Reached skill level 5 in Hexes
100150 | Zot:3    | Gained mutation: You possess an exceptional clarity of mind. [evolution]
101460 | Zot:5    | Entered Level 5 of the Realm of Zot
101515 | Zot:5    | Received a gift from Okawaru
101664 | Zot:5    | Reached skill level 10 in Conjurations
101779 | Zot:5    | Found a huge runed gate.
101780 | Zot:5    | Found a huge runed gate.
101781 | Zot:5    | Found a huge runed gate.
101782 | Zot:5    | Found a huge runed gate.
101898 | Zot:5    | Found a huge runed gate.
101898 | Zot:5    | Found a huge runed gate.
101898 | Zot:5    | Found a huge runed gate.
101898 | Zot:5    | Found a huge runed gate.
101899 | Zot:5    | Found a huge runed gate.
101900 | Zot:5    | Found a huge runed gate.
101901 | Zot:5    | Found a huge runed gate.
101901 | Zot:5    | Found a huge runed gate.
101901 | Zot:5    | Found a huge runed gate.
101901 | Zot:5    | Found a huge runed gate.
101911 | Zot:5    | Found a huge runed gate.
101911 | Zot:5    | Found a huge runed gate.
101911 | Zot:5    | Found a huge runed gate.
101911 | Zot:5    | Found a huge runed gate.
101911 | Zot:5    | Found a huge runed gate.
101911 | Zot:5    | Found a huge runed gate.
101911 | Zot:5    | Found a huge runed gate.
101934 | Zot:5    | Identified a scroll of acquirement
102000 | Zot:5    | Found a huge runed gate.
102001 | Zot:5    | Found a huge runed gate.
102006 | Zot:5    | Found a huge runed gate.
102006 | Zot:5    | Found a huge runed gate.
102006 | Zot:5    | Found a huge runed gate.
102006 | Zot:5    | Found a huge runed gate.
102006 | Zot:5    | Found a huge runed gate.
102006 | Zot:5    | Found a huge runed gate.
102006 | Zot:5    | Found a huge runed gate.
102007 | Zot:5    | Found a huge runed gate.
102008 | Zot:5    | Found a huge runed gate.
102034 | Zot:5    | Noticed an ancient lich
102035 | Zot:5    | Noticed an orb of fire
102067 | Zot:5    | Gained mutation: You regenerate slowly when monsters are visible. [an orb of fire]
102068 | Zot:5    | Starved to death

Vault maps used:
D:1:      roderic_crossed_star
D:2:      ecumenical_altar_1, uniq_terence
D:4:      serial_shops, shop, portal_sewer_entry_f
D:5:      kennysheep_steamy, minmay_temple_entry_mist, first_bread,
          serial_glass, glass_columns_b, glass_columns_c, glass_columns_c,
          glass_columns_a, glass_columns_c, glass_columns_b, glass_columns_a,
          glass_columns_a, uniq_pikel
D:6:      fedhas_altar_1, marbit_many_paths, serial_shops, shop_fountains,
          uniq_edmund
D:7:      serial_shops, shop
D:8:      hangedman_little_slice_of_home, grunt_decor_cap, uniq_psyche
D:10:     david_lair_shrubbed
D:11:     minivault_14, hangedman_parallel_progression, uniq_snorg, uniq_sonja,
          uniq_fannar
D:12:     minmay_orc_entry_temple_small
D:13:     grunt_vaults_entry_tiered
D:14:     serial_shops, nicolae_shop_stone, nicolae_ru_awakened_eye,
          spider_trap, minmay_fountain_box
D:15:     hangedman_depths_entry_civil_slaughter, serial_shops, shop_fountains,
          small_statue_intersection, minmay_misc_feat_tiny, item_on_display_a
Temple:   kilobyte_greek_temple_18
Lair:1:   st_stairs_8, serial_bayou_pond_b, grunt_megastairs_4, uniq_grum
Lair:2:   kennysheep_rathole, nicolae_volcano_entry_hallway,
          portal_ice_cave_entry_imps, serial_bayou_lagoon_a, uniq_gastronok
Lair:3:   minmay_shoals_entry_hut, uniq_harold
Lair:4:   minmay_snake_entry_guardpost_small, grunt_megastairs_2
Lair:5:   serial_bayou_pond_b, st_stairs_9, lemuel_fruit_tree
Lair:6:   serial_bayou_pond_d
Lair:7:   beast_lair_carwin_large_1, minmay_slime_entry_pillars, uniq_rupert,
          uniq_kirke
Lair:8:   minmay_lair_end_enchanted_forest, grunt_megastairs_5
Shoals:1: cheibrodos_shoals_roost, dpeg_stationary_puzzle, uniq_aizul
Shoals:2: serial_shops, nicolae_shop_crystal, nicolae_shoals_square_sea_wall,
          nicolae_shoals_aquamancer_cove
Shoals:3: kb_tengu_band, uniq_donald
Shoals:4: shoals_end_hangedman, shoals_ilsuiw_alternative
Snake:1:  dpeg_oklob_gauntlet, special_room, grunt_megastairs_3
Snake:2:  nicolae_snake_biting_tails, spider_trap, uniq_agnes, uniq_vashnia,
          uniq_nikola
Snake:4:  snake_pit
Orc:1:    elves_outpost_lemuel, uniq_josephine
Orc:2:    st_orc_congregation, lab_entry_generic, nicolae_for_you_no_charge
Elf:1:    elf_arrival_001, serial_shops, shop
Elf:2:    einodemon_armed_red_devil_minivault, lemuel_elevator
Elf:3:    elf_hall_gauntlet_wide
Vaults:1: vaults_room_door_ring, ontoclasm_vaults_ligature, grunt_vaults_funnel
Vaults:2: hangedman_vaults_unwind, nicolae_vaults_know_your_exits, v_misc_8,
          hangedman_vaults_hat, hangedman_vaults_maws, v_misc_15,
          hangedman_vaults_slice, grunt_vaults_hallway_short
Vaults:3: v_misc_19, hangedman_vaults_river_flow, hangedman_vaults_variations,
          minmay_crypt_entry_simple_plaza, v_misc_19,
          vaults_mumra_minichess_inversion, nicolae_vaults_three_branches,
          hangedman_vaults_slither, vaults_room_door_ring,
          vaults_room_door_hall, nicolae_vaults_statue_guard,
          nicolae_vaults_circle_grid_b
Vaults:4: ontoclasm_vaults_tryst, vaults_room_fancy_cross,
          hangedman_vaults_impose, vaults_dpeg_spiral, v_misc_24, v_misc_8,
          hangedman_vaults_locks, nicolae_vaults_border_crossing,
          ontoclasm_vaults_gallery, ontoclasm_vaults_ring_small, v_misc_11,
          vaults_room_hallway, nicolae_vaults_asterisk, v_misc_27, serial_shops,
          shop, uniq_boris
Vaults:5: serial_shops, uniq_wiglaf, uniq_margery, uniq_mennas
Crypt:1:  grunt_crypt_arrival_guarded_gate
Crypt:2:  roderic_lattice_octagonal_star
Crypt:3:  quadcrypt_mu
Tomb:1:   uniq_jory
Tomb:3:   uniq_khufu, uniq_mara
Depths:1: enter_ziggurat_f, grunt_hell_entry_dis_grunt, spider_trap,
          minmay_evil_grid
Depths:2: hangedman_arrow_trap, serial_sigils, serial_sigils_hangedman_scar,
          serial_sigils_hangedman_gut, serial_sigils_hangedman_etch,
          serial_sigils_hangedman_gut, serial_sigils_hangedman_gut,
          serial_bayou_shore_b, grunt_mini_vestibule, abyss_entry,
          basic_stair_grate_trap
Depths:3: spriggan_forest, hell_entry, pan_entry
Depths:4: kennysheep_blocky_room, abyss_entry, hell_entry,
          rand_demon_pan_entry_8
Depths:5: evilmike_zot_entry_gauntlet, hangedman_decor_clover_reticule,
          hangedman_coc_ice_floe, grunt_decor_resistance
Zot:1:    lemuel_flame_loot_1
Zot:2:    kennysheep_spiral_hall, hangedman_spider_trapstep,
          basic_stair_grate_trap
Zot:5:    lemuel_baited_zot_trap, door_vault, uniq_tiamat
Lab:      nicolae_lab_grate_2
Sewer:    sewer_minmay_treatment
IceCv:    ice_cave_tombish

Action                   |  1- 3 |  4- 6 |  7- 9 | 10-12 | 13-15 | 16-18 | 19-21 | 22-24 | 25-27 || total
-------------------------+-------+-------+-------+-------+-------+-------+-------+-------+-------++-------
Melee: Flail             |   131 |   280 |   352 |  1005 |   298 |       |       |       |       ||  2066
       Morningstar       |       |       |       |       |  1535 |  1723 |  2920 |  2432 |  5686 || 14296
 Fire: Hand crossbow     |       |       |       |       |   164 |   197 |   122 |    86 |   259 ||   828
       Triple crossbow   |       |       |       |       |     5 |       |       |       |       ||     5
Throw: Tomahawk          |       |     3 |     5 |       |       |       |       |       |       ||     8
 Cast: Blink             |       |       |       |       |       |     7 |     5 |     4 |     6 ||    22
       Apportation       |       |       |       |       |       |       |     5 |     1 |     1 ||     7
       Repel Missiles    |       |       |       |       |       |       |       |     9 |    10 ||    19
       Shroud of Golubri |       |       |       |       |       |       |       |       |     1 ||     1
       Phase Shift       |       |       |       |       |       |       |       |       |     9 ||     9
Invok: Heroism           |       |       |       |     9 |    11 |    13 |     8 |    13 |    35 ||    89
       Finesse           |       |       |       |     2 |     4 |     2 |     3 |     3 |    12 ||    26
 Abil: Evoke Flight      |       |     1 |       |       |       |       |       |       |       ||     1
       Fly               |       |       |       |       |       |       |     1 |     1 |     4 ||     6
       Stop Flying       |       |       |       |       |       |       |     1 |     1 |     4 ||     6
Evoke: Wand              |       |       |       |     4 |     2 |     8 |     3 |     3 |    10 ||    30
  Use: Scroll            |     3 |     4 |    12 |    15 |    25 |     9 |    12 |    10 |    42 ||   132
       Potion            |     1 |       |    10 |     4 |     2 |     4 |     2 |     5 |    11 ||    39
 Stab: Sleeping          |       |       |       |       |     4 |     1 |     1 |     3 |    28 ||    37
       Distracted        |       |       |       |       |     1 |       |       |     1 |    10 ||    12
       Invisible         |       |       |       |       |       |     4 |       |     5 |    11 ||    20
       Confused          |       |       |       |       |       |       |       |     1 |     5 ||     6
  Eat: Chunk             |    13 |     3 |    12 |     6 |    28 |     5 |    18 |    10 |    16 ||   111
       Fruit             |       |       |       |     4 |     5 |     7 |     7 |     3 |       ||    26
       Beef jerky        |       |       |       |     2 |     2 |     3 |     1 |     4 |     5 ||    17
       Pizza             |       |       |       |     2 |     5 |     1 |     1 |     1 |     7 ||    17
       Royal jelly       |       |       |       |     3 |     4 |     5 |     1 |     1 |     1 ||    15
       Bread ration      |       |       |       |       |       |     4 |     5 |     3 |    13 ||    25
       Meat ration       |       |       |       |       |       |       |       |     2 |     9 ||    11
